 Dungeon Crawl Stone Soup version 0.29-a0-334-gb41bcbb86e (webtiles) character file.

Game seed: 2817451687218068582

60 ImHallYall the Chopper (level 3, 0/33 (35) HPs)
             Began as a Troll Gladiator on Apr 13, 2022.
             Was a Follower of Dithmenos.
             Slain by a necrophage (5 damage)
             ... on level 3 of the Dungeon.
             The game lasted 00:03:11 (1745 turns).

ImHallYall the Chopper (Troll Gladiator)            Turns: 1745, Time: 00:03:13

HP:   0/33 (35)     AC:  4    Str: 24    XL:     3   Next: 82%
MP:   2/2           EV:  8    Int:  4    God:    Dithmenos [*.....]
Gold: 74            SH:  7    Dex: 11    Spells: 2/2 levels left

rFire   . . .      SeeInvis +   a - +0 war axe
rCold   . . .      Faith    .   g - +1 kite shield {rN+}
rNeg    + . .      Spirit   .   b - +0 robe
rPois   .          Reflect  .   c - +0 hat
rElec   .          Harm     .   (no cloak)
rCorr   .          Rampage  .   (gloves unavailable)
Will    .....                   (boots unavailable)
Stlth   +.........              (no amulet)
HPRegen 0.91/turn               l - ring of see invisible
MPRegen 0.08/turn               (no ring)

@: wreathed by umbra, drained
A: large, unfitting armour, claws 3, regeneration 1, shaggy fur 1, tough skin 1
a: Renounce Religion


You were on level 3 of the Dungeon.
You worshipped Dithmenos.
Dithmenos was aware of your devotion.
You visited 1 branch of the dungeon, and saw 3 of its levels.

You collected 74 gold pieces.

Inventory:

Hand Weapons
 a - a +0 war axe (weapon)
Missiles
 d - 3 throwing nets (quivered)
 e - a large rock
Armour
 b - a +0 robe (worn)
 c - a +0 hat (worn)
 g - a +1 kite shield of positive energy (worn)
 i - a +0 ring mail
 n - a +0 chain mail
 q - a +2 pair of gloves
Jewellery
 l - a ring of see invisible (left claw)
Scrolls
 f - a scroll of magic mapping {unknown}
 h - 4 scrolls of identify {unknown}
 j - a scroll of enchant weapon {unknown}
 m - 2 scrolls of amnesia {unknown}
 o - a scroll of teleportation {unknown}
 t - a scroll of blinking {unknown}
Potions
 k - 3 potions of curing {unknown}
 p - a potion of degeneration {unknown}
 r - a potion of brilliance {unknown}
 s - 2 potions of resistance {unknown}


   Skills:
 + Level 2.0 Fighting
 + Level 3.4 Axes
 + Level 1.9 Throwing
 + Level 2.7 Dodging


You had 2 spell levels left.
You didn't know any spells.
Your spell library contained the following spells:

 Spells                   Type           Power      Damage    Failure   Level
 Blade Hands              Tmut           0%         N/A       100%        5
 Irradiate                Conj/Tmut      0%         3d13      100%        5
 Dragon Form              Tmut           0%         N/A       100%        7
 Malign Gateway           Summ/Tloc      0%         N/A       100%        7
 Summon Horrible Things   Summ           0%         N/A       100%        8


Dungeon Overview and Level Annotations

Branches:
Dungeon (3/15)

Altars:
Dithmenos
Wu Jian

Annotations:
D:3 1 transporter


Innate Abilities, Weirdness & Mutations

You are too large for most types of armour.
You have claws for hands.
Your natural rate of healing is unusually fast.
You are covered in fur. (AC +1)
You have tough skin. (AC +1)


Message History

The bat moves out of view.
You hit the hobgoblin.
You kill the hobgoblin!
Dithmenos accepts your kill.
You closely miss the giant cockroach.
The giant cockroach bites you but does no damage.
The giant cockroach bites you.
The giant cockroach bites you but does no damage.
The orc shouts!
You slash the giant cockroach!
You kill the giant cockroach!
Dithmenos accepts your kill.
You see here a giant cockroach corpse.
h - 4 scrolls labelled VYAZXO QYHIAMN (gained 1)
There is a transporter here.
You enter the transporter and appear at another place.
The orc hits you with a +0 short sword.
Found five items.
Found an ornate altar of the Wu Jian Council.
You barely miss the orc. You barely miss the ice beast.
You slash the necrophage! The orc hits you with a +0 short sword.
The necrophage barely misses you. The ice beast hits you.
The ice beast freezes you! You block the jackal's attack.
The orc hits you but does no damage. You block the necrophage's attack.
The ice beast hits you but does no damage.
You closely miss the orc. You completely miss the ice beast.
You slash the jackal!
You kill the jackal!
Dithmenos accepts your kill.
You hit the necrophage. You block the orc's attack.
The ice beast hits you but does no damage.
The necrophage hits you. You partially resist.
You feel drained.
You barely miss the orc. You closely miss the ice beast.
You slash the necrophage! The orc hits you with a +0 short sword.
The necrophage hits you. You partially resist.
You feel drained. The ice beast hits you. The ice beast freezes you!
* * * LOW HITPOINT WARNING * * *
You block the orc's attack. The ice beast closely misses you.
The necrophage hits you.
You die...

..............#
.................#
. ................#
.# #######........#
##. .....##.......#
# ..#.#..8#..†....#
#$)#...#..#.......#
#.[....†n.#.......#
#_$....@or#©......#
#.[.....Y.#.......#
#$!#...#..#.###.###
# ..#.#..8#.# ...
##. .©...##.# ....
.# #######..# .....
. .........## .....
###########


You could see an ice beast, a necrophage, an orc and a quokka.

Vanquished Creatures
  A gnoll (D:1)
  An adder (D:2)
  A dart slug (D:1)
  An endoplasm (D:2)
  4 giant cockroaches
  4 goblins
  6 hobgoblins
  A jackal (D:3)
  3 quokkas
  3 ball pythons
  5 bats (D:1)
  2 frilled lizards
  2 kobolds (D:1)
  A rat (D:2)
35 creatures vanquished.

Notes
Turn   | Place    | Note
-------+----------+-------------------------------------------
     0 | D:1      | ImHallYall the Troll Gladiator began the quest for the Orb.
     0 | D:1      | Reached XP level 1. HP: 19/19 MP: 0/0
    24 | D:1      | Reached XP level 2. HP: 15/28 MP: 1/1
   215 | D:1      | Reached skill level 3 in Axes
   284 | D:1      | Reached XP level 3. HP: 35/35 MP: 2/2
   704 | D:1      | Found a faded altar of an unknown god.
   718 | D:1      | Prayed at the altar of an unknown god.
   718 | D:1      | Became a worshipper of Dithmenos the Shadowed
   718 | D:1      | Reached * piety under Dithmenos
  1729 | D:3      | Noticed a necrophage
  1729 | D:3      | Found a transporter.
  1729 | D:3      | Found a transporter.
  1731 | D:3      | Noticed an ice beast
  1742 | D:3      | Found an ornate altar of the Wu Jian Council.
  1745 | D:3      | Slain by a necrophage

Illustrated notes

Levels and vault maps discovered:
D:1:      lightli_arrival_isolated_outpost, layout_basic,
          basic_ecumenical_altar, dreamdust_princess_corridor,
          kennysheep_small_spiral
D:2:      layout_loops_cross
D:3:      layout_basic, good_gods_mini_temple, gammafunk_temple_overflow_arena,
          uniq_natasha, uniq_terence

Skill      XL: |  1  2  3 |
---------------+----------+-----
Axes           | 3 |  3.4
Fighting       | 2 |  2.0
Throwing       | |  1.9
Dodging        | |  2.7

Action                   || total
-------------------------++-------
Melee: War axe           ||    75
 Stab: Sleeping          ||     1
Armor: Robe              ||    37
Dodge: Dodged            ||    49
Block: Kite shield       ||    16

Table legend: (Time is in decaauts)
 A = Elapsed time spent in this place.
 B = Non-inter-level travel time spent in this place.
 C = Inter-level travel time spent in this place.
 D = Time resting spent in this place.
 E = Time spent auto-exploring this place.
 F = Levels seen in this place.
 G = Mean time per level.
                   A        B        C        D        E       F      G
               +--------+--------+--------+--------+--------+-----+--------+
         Total |   1778 |   1762 |     16 |    200 |   1120 |   3 |  592.7 |
       Dungeon |   1778 |   1762 |     16 |    200 |   1120 |   3 |  592.7 |
               +--------+--------+--------+--------+--------+-----+--------+

Top non-repeatable levels by time:
     D:1: 1192 daAuts
     D:2: 568 daAuts
     D:3: 17 daAuts
